 Dungeon Sprint DCSS version 0.32-a0-450-g080537f31e (webtiles) character file.

Game seed: 13722791535703863150

70 adelrune the Cudgeller (level 4, -2/37 HPs)
             Began as a Formicid Fighter on Feb 23, 2024.
             Was an Initiate of Beogh.
             Slain by a hornet (3 damage)
             ... in the Dungeon (Sprint IX: "|||||||||||||||||||||||||||||").
             The game lasted 00:01:38 (187 turns).

adelrune the Cudgeller (Formicid Fighter)            Turns: 187, Time: 00:01:39

Health: -2/37      AC: 13    Str: 23    XL:     4   Next: 45%
Magic:  5/5        EV:  9    Int:  7    God:    Beogh [......]
Gold:   0          SH:  5    Dex: 16    Spells: 3/3 levels left

rFire   . . .        k - +2 morningstar (heavy)
rCold   . . .        c - +0 buckler
rNeg    . . .        l - +0 plate armour
rPois   .            (helmet unavailable)
rElec   .            (no cloak)
rCorr   .            m - +0 pair of gloves
SInv    +            (no boots)
Will    .....        (no amulet) Stlth
                     n - +3 ring of dexterity
HPRegen 0.26/turn    o - +2 ring of evasion
MPRegen 0.09/turn

%: no passive effects
@: lethally poisoned (-2 -> -10)
A: permanent stasis, dig shafts and tunnels, antennae 3, four strong arms
a: Dig, Renounce Religion


You were in the Dungeon.
You worshipped Beogh.
Beogh was noncommittal.
You visited 1 branch

Inventory:

Hand Weapons
 a - a +0 flail
 k - a +2 heavy morningstar (weapon)
Armour
 b - a +0 scale mail
 c - a +0 buckler (worn)
 l - a +0 plate armour (worn)
 m - a +0 pair of gloves (worn)
Jewellery
 n - a +3 ring of dexterity (left hand)
 o - a +2 ring of evasion (right hand)
Wands
 j - a wand of quicksilver (10)
Scrolls
 i - 2 scrolls of amnesia
Potions
 d - a potion of might
 e - 5 potions of curing
 f - 2 potions of heal wounds
 g - 4 potions of magic
 h - a potion of invisibility


   Skills:
 - Level 4.2 Fighting
 + Level 6.4 Maces & Flails
 - Level 4.1 Armour
 - Level 1.6 Dodging
 - Level 5.0 Shields
 - Level 1.6 Invocations


You had 3 spell levels left.
You didn't know any spells.
Your spell library was empty.

Dungeon Overview and Level Annotations

Branches:
Dungeon (1/1)

Altars:
Cheibriados
Dithmenos
Elyvilon
Fedhas
Gozag
Hepliaklqana
Kikubaaqudgha
Makhleb
Nemelex Xobeh
Okawaru
Qazlal
Ru
Sif Muna
Trog
Uskayaw
Vehumet
Wu Jian
Xom
Yredelemnul
Zin
The Shining One
Beogh
Jiyva
Lugonu


Innate Abilities, Weirdness & Mutations

You cannot be hasted, slowed, berserked, paralysed or teleported.
You can dig through walls and to a lower floor.
You have a pair of large antennae on your head. (SInv)
Your four strong arms can wield two-handed weapons with a shield.


Message History

The crimson imp hits you but does no damage.
You hit the hornet but do no damage.
The hornet is moderately wounded.
You feel very sick.
The hornet stings you but does no damage. x2
The crimson imp barely misses you.
The hornet stings you but does no damage.
The kobold demonologist gestures wildly while chanting.
The crimson imp barely misses you.
You closely miss the hornet.
The hornet is moderately wounded.
You feel sick. You block the hornet's attack.
The hornet stings you but does no damage.
The crimson imp blinks!
The hornet stings you!
Your stasis prevents you from being slowed.
The kobold demonologist miscasts a cantrip.
You puncture the hornet!
The hornet is severely wounded.
You feel sick. You block the hornet's attack.
The crimson imp barely misses you.
The hornet stings you but does no damage.
You block the crimson imp's attack.
You closely miss the hornet.
The hornet is severely wounded.
You feel sick. The hornet stings you.
Your stasis prevents you from being slowed.
The hornet stings you.
* * * LOW HITPOINT WARNING * * *
Your stasis prevents you from being slowed.
The crimson imp barely misses you. The hornet stings you.
* * * LOW HITPOINT WARNING * * *
You are lethally poisoned!
Your stasis prevents you from being slowed.
You block the crimson imp's attack.
You thump the hornet!
The hornet is almost dead.
* * * LOW HITPOINT WARNING * * *
You feel very sick. The hornet stings you.
You die... ▓▓▓▓▓▓▓▓▓▓▓▓▓▓▓▓▓▓▓▓▓▓▓▓ ..kWTKy@5..[.)?.'_______ ▓▓▓▓▓▓▓▓▓▓▓▓▓▓▓▓▓▓▓▓▓▓▓▓ {{{{{{{{ {{{{{{{ { {{ {{

You could see a kobold demonologist, a troll, a hornet, a wyvern, a shadow (invisible) and a crimson imp (summoned).

Vanquished Creatures
  A killer bee (D)
  An iguana (D)
  An ufetubus (D)
  A dart slug (D)
  An orc (D)
  A bat (D)
  A goblin (D)
  A jackal (D)
  A rat (D)
9 creatures vanquished.

Vanquished Creatures (others)
  An adder (D)
1 creature vanquished.

Grand Total: 10 creatures vanquished

Notes
Turn   | Place    | Note
-------+----------+-------------------------------------------
     0 | D        | adelrune the Formicid Fighter began the quest for the Orb.
     0 | D        | Reached XP level 1. HP: 18/18 MP: 1/1
    13 | D        | Reached skill level 3 in Maces & Flails
    13 | D        | Reached skill level 1 in Dodging
    13 | D        | Reached XP level 2. HP: 25/25 MP: 2/2
    27 | D        | Became a worshipper of Beogh the Shepherd
    40 | D        | Reached skill level 5 in Shields
    40 | D        | Reached skill level 1 in Invocations
    40 | D        | Reached XP level 3. HP: 13/30 MP: 2/4
   111 | D        | Found a roughly hewn altar of Beogh.
   111 | D        | Found a snail-covered altar of Cheibriados.
   111 | D        | Found a shadowy altar of Dithmenos.
   111 | D        | Found a white marble altar of Elyvilon.
   111 | D        | Found a blossoming altar of Fedhas.
   111 | D        | Found an opulent altar of Gozag.
   112 | D        | Found a hazy altar of Hepliaklqana.
   113 | D        | Found a viscous altar of Jiyva.
   114 | D        | Found an ancient bone altar of Kikubaaqudgha.
   115 | D        | Found a corrupted altar of Lugonu.
   116 | D        | Found a burning altar of Makhleb.
   117 | D        | Found a sparkling altar of Nemelex Xobeh.
   118 | D        | Found an iron altar of Okawaru.
   119 | D        | Found a stormy altar of Qazlal.
   120 | D        | Found a sacrificial altar of Ru.
   121 | D        | Found a shimmering blue altar of Sif Muna.
   122 | D        | Found a bloodstained altar of Trog.
   123 | D        | Found a hide-covered altar of Uskayaw.
   124 | D        | Found a radiant altar of Vehumet.
   125 | D        | Found an ornate altar of the Wu Jian Council.
   126 | D        | Found a shimmering altar of Xom.
   127 | D        | Found a basalt altar of Yredelemnul.
   128 | D        | Found a glowing silver altar of Zin.
   129 | D        | Found a glowing golden altar of the Shining One.
   176 | D        | Noticed a wyvern
   176 | D        | Noticed a shadow
   176 | D        | Noticed a troll
   176 | D        | Noticed a kobold demonologist
   176 | D        | Noticed a hornet
   176 | D        | Noticed a killer bee
   177 | D        | Killed a killer bee
   178 | D        | Reached skill level 6 in Maces & Flails
   178 | D        | Reached XP level 4. HP: 15/37 MP: 5/5
   187 | D        | HP: 1/37 [poisoned by a hornet]
   187 | D        | Slain by a hornet

Illustrated notes

Levels and vault maps discovered:
D:        linesprint [early_d, line_temple, items_1, d_10, items_2, lair_1,
          lair_end, items_3, orc_1, orc_end, items_4, d_15, swamp_1, shoals_1,
          snake_1, spider_1, d_20, vaults_1, items_5, swamp_end, shoals_end,
          snake_end, spider_end, vaults_end, d_27, items_6, zot_1, zot_end,
          crypt_end, forest_end, elf_end, slime_end, tomb_end, abyss_end,
          pan_hell_end]

Skill      XL: |  1  2  3 |
---------------+----------+-----
Maces & Flails | 3 6 |  6.4
Dodging        | 1 |  1.6
Fighting       | 4 |  4.2
Armour         | 4 |  4.1
Shields        | 5 |  5.0
Invocations    | 1 |  1.6

Action                     |  1- 3 |  4- 6 || total
---------------------------+-------+-------++-------
  Melee: Flail             |    28 |       ||    28
         Morningstar       |     1 |     9 ||    10
 Invoke: Convert to Beogh  |     1 |       ||     1
    Use: Potion            |       |     1 ||     1
 Armour: Scale mail        |    19 |       ||    19
         Plate armour      |     2 |    20 ||    22
  Dodge: Dodged            |    11 |     8 ||    19
  Block: Buckler           |     7 |     5 ||    12

Table legend: (Time is in decaauts)
 A = Elapsed time spent in this place.
 B = Non-inter-level travel time spent in this place.
 C = Inter-level travel time spent in this place.
 D = Time resting spent in this place.
 E = Time spent auto-exploring this place.
 F = Levels seen in this place.
 G = Mean time per level.
                   A        B        C        D        E       F      G
               +--------+--------+--------+--------+--------+-----+--------+
         Total |    200 |    200 |      0 |     65 |      8 |   1 |  200.0 |
       Dungeon |    200 |    200 |      0 |     65 |      8 |   1 |  200.0 |
               +--------+--------+--------+--------+--------+-----+--------+

Top non-repeatable levels by time:
       D: 200 daAuts
